Get step-by-step instructions on how to execute this build order below. Start the game timer, and the build order will tick by so you can play in parallel with StarCraft on a second screen or mobile device.

Game Time

  0:00

Last Step

  N/A

Next Step

Upcoming Step



Don't want to look back and forth between 2 screens? Try out our Overwolf App, the Spawning Tool Build Advisor to get an in-game overlay with this build!

Complete Build Order

  12  0:01  Probe  
  13  0:18  Pylon  
  13  0:24  Probe  
  14  0:43  Probe  
  15  1:00  Probe  
  16  1:15  Nexus  
  16  1:21  Probe  
  17  1:34  Gateway  
  17  1:38  Probe  
  18  1:55  Pylon, Probe  
  20  2:30  Nexus  
  21  2:43  Zealot  
  23  2:55  Probe x2